 Dungeon Sprint DCSS version 0.29.0 (webtiles) character file.

Game seed: 14706457527566816038

2804 enile the Warrior (level 10, -3/96 HPs)
             Began as a Formicid Fighter on Aug 25, 2022.
             Was an Elder of Cheibriados.
             Slain by a catoblepas (14 damage)
             ... while petrified by a catoblepas
             ... in the Dungeon (Sprint IX: "|||||||||||||||||||||||||||||").
             The game lasted 00:03:48 (968 turns).

enile the Warrior (Formicid Fighter)                 Turns: 968, Time: 00:03:48

Health: -3/96      AC: 15    Str: 38    XL:     10   Next: 2%
Magic:  15/15      EV:  2    Int: 16    God:    Cheibriados [****..]
Gold:   0          SH:  0    Dex: 22    Spells: 9/9 levels left

rFire   . . .      SeeInvis +   l - +2 halberd (venom)
rCold   . . .      Faith    .   c - +0 buckler
rNeg    + + +      Spirit   .   o - +0 plate armour
rPois   ∞          Reflect  .   (helmet unavailable)
rElec   .          Harm     .   (no cloak)
rCorr   .          Rampage  .   q - +0 pair of gloves
Will    +....                   (no boots)
Stlth   ..........              (no amulet)
HPRegen 0.26/turn               p - +3 ring of strength
MPRegen 0.14/turn               n - +2 ring of evasion

@: petrified, very slow
A: permanent stasis, dig shafts and tunnels, antennae 3, four strong arms
a: Dig, Renounce Religion, Bend Time, Temporal Distortion, Slouch


You were in the Dungeon.
You worshipped Cheibriados.
Cheibriados was greatly pleased with you.
You visited 1 branch

Inventory:

Hand Weapons
 a - a +0 quarterstaff
 d - a +0 giant club
 k - a +1 broad axe of freezing
 l - a +2 halberd of venom (weapon)
 m - a +2 morningstar of protection
 r - a +2 vorpal scimitar
Missiles
 h - 6 poisoned darts
Armour
 b - a +0 scale mail
 c - a +0 buckler (worn)
 o - a +0 plate armour (worn)
 q - a +0 pair of gloves (worn)
Jewellery
 n - a +2 ring of evasion (right hand)
 p - a +3 ring of strength (left hand)
Wands
 j - a wand of quicksilver (3)
Scrolls
 i - 2 scrolls of amnesia
Potions
 e - 5 potions of curing
 f - 3 potions of heal wounds
 g - 4 potions of magic


   Skills:
 - Level 15.0 Fighting
 - Level 7.5(8.0) Polearms
 - Level 4.0(6.2) Staves
 - Level 10.0 Armour
 - Level 7.0 Dodging
 - Level 6.0 Shields
 - Level 7.0 Invocations
 + Level 8.3 Evocations


You had 9 spell levels left.
You didn't know any spells.
Your spell library was empty.

Dungeon Overview and Level Annotations

Branches:
Dungeon (1/1)

Altars:
Cheibriados
Dithmenos
Elyvilon
Fedhas
Gozag
Hepliaklqana
Kikubaaqudgha
Makhleb
Nemelex Xobeh
Okawaru
Qazlal
Ru
Sif Muna
Trog
Uskayaw
Vehumet
Wu Jian
Xom
Yredelemnul
Zin
The Shining One
Jiyva
Lugonu


Innate Abilities, Weirdness & Mutations

You cannot be hasted, slowed, berserked, paralysed or teleported.
You can dig through walls and to a lower floor.
You have a pair of large antennae on your head. (SInv)
Your four strong arms can wield two-handed weapons with a shield.


Message History

You are engulfed in calcifying dust.
The catoblepas gores you!
The catoblepas gores you but does no damage.
The catoblepas gores you!!
The catoblepas breathes a plume of calcifying dust at you.
The blast of calcifying dust hits you but does no damage.
You are engulfed in calcifying dust.
The catoblepas gores you!!
You are engulfed in calcifying dust.
The catoblepas gores you but does no damage.
You are engulfed in calcifying dust.
The catoblepas gores you.
You are engulfed in calcifying dust.
The catoblepas breathes a plume of calcifying dust at you.
The blast of calcifying dust hits you but does no damage.
You turn to flesh and can move again.
Unknown command.
Unknown command.
Unknown command.
You hit the catoblepas but do no damage.
The catoblepas looks as sick as possible!
The catoblepas is severely wounded.
You are engulfed in calcifying dust.
You are slowing down.
The catoblepas gores you!
You are engulfed in calcifying dust.
Your limbs have turned to stone.
The catoblepas gores you! The catoblepas closely misses you.
You have turned to stone.
You are engulfed in calcifying dust.
The catoblepas gores you!!
* * * LOW HITPOINT WARNING * * *
You are engulfed in calcifying dust.
The catoblepas gores you!
* * * LOW HITPOINT WARNING * * *
The catoblepas snuffles in challenge.
The catoblepas breathes a plume of calcifying dust at you.
The blast of calcifying dust hits you but does no damage.
You are engulfed in calcifying dust.
The catoblepas breathes a plume of calcifying dust at you.
The blast of calcifying dust hits you.
* * * LOW HITPOINT WARNING * * *
You are engulfed in calcifying dust.
The catoblepas gores you!!
* * * LOW HITPOINT WARNING * * *
You are engulfed in calcifying dust.
The catoblepas gores you!!
You die...

▓+▓
▓.▓
▓.▓
▓.▓
▓)▓
▓.▓
▓)▓
▓Y▓
▓@▓
▓§▓
▓§▓
▓.▓
▓.▓
▓)▓
▓)▓
▓.▓
{
▓.▓


You could see a catoblepas (very poisoned).

Vanquished Creatures
  2 centaur warriors (D)
  A gargoyle (D)
  A troll (D)
  A meliai (D)
  A shadow (D)
  A yak (D)
  A vampire mosquito (D)
  An orc warrior (D)
  A black bear (D)
  An ogre (D)
  A kobold brigand (D)
  A scorpion (D)
  An iguana (D)
  An orc wizard (D)
  An adder (D)
  An endoplasm (D)
  3 quokkas (D)
  A ball python (D)
21 creatures vanquished.

Notes
Turn   | Place    | Note
-------+----------+-------------------------------------------
     0 | D        | enile the Formicid Fighter began the quest for the Orb.
     0 | D        | Reached XP level 1. HP: 18/18 MP: 1/1
     6 | D        | Reached skill level 4 in Fighting
    21 | D        | Reached skill level 5 in Fighting
    22 | D        | Reached skill level 1 in Dodging
    22 | D        | Reached XP level 2. HP: 12/27 MP: 2/2
   190 | D        | Noticed a black bear
   190 | D        | Noticed a scorpion
   190 | D        | Noticed an ogre
   201 | D        | Reached skill level 5 in Armour
   201 | D        | Reached XP level 3. HP: 18/33 MP: 3/3
   203 | D        | Killed an ogre
   204 | D        | Reached skill level 7 in Fighting
   204 | D        | Reached skill level 8 in Fighting
   204 | D        | Reached XP level 4. HP: 24/44 MP: 4/4
   204 | D        | Reached XP level 5. HP: 27/49 MP: 5/5
   205 | D        | Reached skill level 5 in Dodging
   205 | D        | Reached XP level 6. HP: 31/57 MP: 6/6
   206 | D        | Killed a black bear
   207 | D        | Reached skill level 10 in Fighting
   207 | D        | Reached skill level 5 in Shields
   348 | D        | Found a snail-covered altar of Cheibriados.
   348 | D        | Found a shadowy altar of Dithmenos.
   348 | D        | Found a white marble altar of Elyvilon.
   348 | D        | Found a blossoming altar of Fedhas.
   348 | D        | Found an opulent altar of Gozag.
   360 | D        | Found a hazy altar of Hepliaklqana.
   361 | D        | Found a viscous altar of Jiyva.
   362 | D        | Found an ancient bone altar of Kikubaaqudgha.
   363 | D        | Found a corrupted altar of Lugonu.
   364 | D        | Found a burning altar of Makhleb.
   365 | D        | Found a sparkling altar of Nemelex Xobeh.
   366 | D        | Found an iron altar of Okawaru.
   367 | D        | Found a stormy altar of Qazlal.
   368 | D        | Found a sacrificial altar of Ru.
   369 | D        | Found a shimmering blue altar of Sif Muna.
   370 | D        | Found a bloodstained altar of Trog.
   371 | D        | Found a hide-covered altar of Uskayaw.
   372 | D        | Found a radiant altar of Vehumet.
   373 | D        | Found an ornate altar of the Wu Jian Council.
   374 | D        | Found a shimmering altar of Xom.
   389 | D        | Became a worshipper of Cheibriados the Contemplative
   402 | D        | Found a basalt altar of Yredelemnul.
   403 | D        | Found a glowing silver altar of Zin.
   404 | D        | Found a glowing golden altar of the Shining One.
   474 | D        | Noticed a shadow
   474 | D        | Noticed a yak
   474 | D        | Noticed a troll
   474 | D        | Noticed an orc warrior
   478 | D        | Killed an orc warrior
   479 | D        | Reached skill level 5 in Polearms
   479 | D        | Reached XP level 7. HP: 42/66 MP: 7/7
   488 | D        | Killed a troll
   488 | D        | Killed a shadow
   488 | D        | Reached * piety under Cheibriados
   489 | D        | Reached skill level 12 in Fighting
   489 | D        | Reached XP level 8. HP: 32/76 MP: 8/8
   494 | D        | Killed a yak
   494 | D        | Reached ** piety under Cheibriados
   699 | D        | Noticed a meliai
   699 | D        | Noticed a catoblepas
   699 | D        | Noticed a centaur warrior
   699 | D        | Noticed a centaur warrior
   699 | D        | Noticed a gargoyle
   702 | D        | Killed a gargoyle
   702 | D        | Killed a centaur warrior
   702 | D        | Reached *** piety under Cheibriados
   703 | D        | Reached skill level 10 in Armour
   703 | D        | Reached XP level 9. HP: 70/82 MP: 8/14
   706 | D        | Killed a centaur warrior
   706 | D        | Killed a meliai
   706 | D        | Reached **** piety under Cheibriados
   707 | D        | Reached skill level 15 in Fighting
   707 | D        | Reached XP level 10. HP: 34/96 MP: 8/15
   968 | D        | Slain by a catoblepas

Illustrated notes

Levels and vault maps discovered:
D:        linesprint [early_d, line_temple, items_1, d_10, items_2, lair_1,
          lair_end, items_3, orc_1, orc_end, items_4, d_15, swamp_1, shoals_1,
          snake_1, spider_1, d_20, vaults_1, items_5, swamp_end, shoals_end,
          snake_end, spider_end, vaults_end, d_27, items_6, zot_1, zot_end,
          crypt_end, forest_end, elf_end, slime_end, tomb_end, abyss_end,
          pan_hell_end]

Skill      XL: |  1  2  3  4  5  6  7  8  9 |
---------------+----------------------------+-----
Fighting       | 5 8 10 12 15 | 15.0
Dodging        | 1 3 5 7 |  7.0
Armour         | 5 6 7 10 | 10.0
Staves         | 3 4 |  4.0
Shields        | 6 |  6.0
Polearms       | 5 6 7 |  7.5
Evocations     | 6 8 |  8.3
Invocations    | 7 |  7.0

Action                   |  1- 3 |  4- 6 |  7- 9 | 10-12 || total
-------------------------+-------+-------+-------+-------++-------
Melee: Quarterstaff      |    30 |     3 |       |       ||    33
       Halberd           |       |     3 |    11 |     5 ||    19
Evoke: Wand              |       |       |     6 |     1 ||     7
  Use: Potion            |     1 |     1 |       |       ||     2
 Stab: Invisible         |       |     1 |     2 |       ||     3
Armor: Scale mail        |     8 |     4 |       |       ||    12
       Plate armour      |       |       |     7 |     7 ||    14
Dodge: Dodged            |     8 |     4 |    13 |     2 ||    27
Block: Buckler           |     7 |     1 |     4 |     2 ||    14
